 Dungeon Crawl Stone Soup version 0.24-a0-291-g79c1ce788c (webtiles) character file.

Game seed: 8856329870977366961

606 Jannitor the Shield-Bearer (level 7, -11/38 HPs)
             Began as a Vine Stalker Fighter on May 9, 2019.
             Mangled by an orc warrior
             ... wielding a +0 halberd
              (13 damage)
             ... in a bailey.
             The game lasted 00:03:45 (2342 turns).

Jannitor the Shield-Bearer (Vine Stalker Fighter)   Turns: 2342, Time: 00:03:46

Health: -11/38     AC:  7    Str: 20    XL:     7   Next: 42%
Magic:  0/8        EV:  7    Int:  8    God:
Gold:   206        SH: 10    Dex: 14    Spells: 6/6 levels left

rFire    . . .     SeeInvis .   a - +1 war axe
rCold    . . .     Gourm    .   c - +0 shield
rNeg     . . .     Faith    .   b - +0 scale mail
rPois    .         Spirit   +   (no helmet)
rElec    .         Reflect  .   (no cloak)
rCorr    .         Harm     .   (no gloves)
MR       .....                  (no boots)
Stlth    +.........             (no amulet)
HPRegen  0.52/turn              p - ring of stealth
MPRegen  0.11/turn              (no ring)

@: no status effects
A: fangs 2, regeneration 1, magic shield, antimagic bite, no potion heal 3, rot
immunity
a: no special abilities


You were in a bailey.
You were not hungry.

You visited 1 branch of the dungeon, and saw 7 of its levels.
You also visited: Sewer and Bailey.

You collected 206 gold pieces.

Inventory:

Hand Weapons
 a - a +1 war axe (weapon)
Armour
 b - a +0 scale mail (worn)
 c - a +0 shield (worn)
Jewellery
 j - a +5 ring of intelligence
 p - a ring of stealth (left hand)
Scrolls
 g - 2 scrolls of fog
 i - a scroll of identify
 n - 2 scrolls of teleportation
Potions
 o - 2 potions of curing
Comestibles
 d - 4 chunks of flesh
 f - 6 rations


   Skills:
 + Level 4.4 Fighting
 + Level 3.8 Axes
 + Level 4.1 Armour
 + Level 4.4 Shields


You had 6 spell levels left.
You didn't know any spells.
Your spell library was empty.

Dungeon Overview and Level Annotations

Branches:
Dungeon (7/15)
 Temple: D:4-7

Altars:
Ashenzari
Trog
Wu Jian

Annotations:
D:2 1 exclusion


Innate Abilities, Weirdness & Mutations

You have extremely sharp teeth.
Your natural rate of healing is unusually fast.
When hurt, damage is shared between your health and your magic reserves.
Your bite disrupts and absorbs the magic of your enemies.
Potions cannot restore your health.
You are immune to rotting.


Message History

The orc warrior shouts!
An orc warrior comes into view. It is wielding a +0 trident.
The orc warrior shouts!
An orc warrior comes into view. It is wielding a +0 halberd.
The orc warrior shouts!
The orc warrior hits you with a +0 trident!
Found four items.
Unknown command.
You completely miss the orc warrior. You bite the orc warrior.
You drain its power.
You feel invigorated.
The orc warrior is lightly wounded.
The orc warrior completely misses you. You block the orc warrior's attack. x2
The orc warrior hits you with a +0 trident!
* * * LOW HITPOINT WARNING * * *
Unknown command.
You hit the orc warrior. Your bite misses the orc warrior.
The orc warrior is lightly wounded.
The orc warrior closely misses you.
The orc warrior hits you from afar with a +0 halberd!
You die...

### ##
##∩## ##.##
#.§.# #..o#
#§o.# #..)#
§o§§§o.≈≈.
#..@#
§§§§§§.≈oo
+..o#
.......≈≈.≈
#..o#
.#...#.o≈≈≈
#..(#
##...##....
#...# ##∩##
#### ##.##
## ##


You could see 3 orc warriors.

Vanquished Creatures
  Purgy (D:5)
  A centaur (D:6)
  A bullfrog (D:6)
  2 orc wizards (D:6)
  3 hounds
  A worker ant (D:5)
  A howler monkey skeleton (D:7)
  3 gnolls
  7 adders
  2 shadow imps
  An ooze (D:2)
  2 adder zombies
  A worm (D:2)
  5 leopard geckos
  8 orcs
  3 giant cockroaches
  2 goblins
  8 jackals
  4 kobolds
  2 quokkas (D:6)
  4 bats (D:2)
  2 frilled lizards
  A leopard gecko skeleton (D:4)
  5 rats
70 creatures vanquished.

Notes
Turn   | Place    | Note
-------+----------+-------------------------------------------
     0 | D:1      | Jannitor the Vine Stalker Fighter began the quest for the
                  | Orb.
     0 | D:1      | Reached XP level 1. HP: 11/11 MP: 2/2
   142 | D:2      | Reached XP level 2. HP: 10/16 MP: 3/3
   200 | D:2      | Noticed a moth of wrath
   202 | D:2      | Found a bloodstained altar of Trog.
   308 | D:2      | Reached XP level 3. HP: 12/20 MP: 2/4
   790 | D:2      | Gained mutation: Your natural rate of healing is unusually
                  | fast. [Vine Stalker growth]
   790 | D:2      | Reached XP level 4. HP: 6/24 MP: 1/5
  1130 | D:5      | Entered Level 5 of the Dungeon
  1130 | D:5      | Found a glowing drain.
  1147 | Sewer    | Entered a sewer
  1162 | Sewer    | Noticed Purgy
  1200 | D:5      | Killed Purgy
  1200 | D:5      | Reached XP level 5. HP: 10/28 MP: 1/6
  1330 | D:5      | Reached XP level 6. HP: 31/33 MP: 5/7
  1469 | D:5      | Found a shattered altar of Ashenzari.
  1944 | D:6      | Reached XP level 7. HP: 16/37 MP: 8/8
  2266 | D:7      | Found an ornate altar of the Wu Jian Council.
  2302 | D:7      | Found a flagged portal.
  2326 | Bailey   | Entered a bailey
  2327 | Bailey   | Noticed an orc knight
  2328 | Bailey   | Noticed an orc knight
  2341 | Bailey   | HP: 1/38 [orc warrior/+0 trident (15)]
  2342 | Bailey   | Mangled by an orc warrior

Levels and vault maps discovered:
D:1:      dpeg_arrival_rooms_a, layout_loops_cross, serial_bayou_ford_a
D:2:      layout_rooms, tgw_trog
D:3:      layout_loops_ring, marbit_many_paths, grunt_temple_overflow_open,
          minmay_increasing_density
D:4:      layout_basic, minmay_temple_entry_junction_2, first_ration
D:5:      cheibrodos_iron_armory, layout_cave_pods, portal_sewer_entry_f,
          st_stairs_13, chequers_big_river, evilmike_ruin_ashenzari
D:6:      layout_basic, lemuel_crystal_altar, bh_chokoban, grunt_ministairs_14
D:7:      cheibrodos_grave_circle, layout_rooms, nicolae_overflow_hidden_temple,
          enter_bailey_2, uniq_duvessa
Bailey:   bailey_polearm_4, bailey

Skill      XL: |  1  2  3  4  5  6  7 |
---------------+----------------------+-----
Axes           | 2 3 |  3.8
Shields        | 3 4 |  4.4
Fighting       | 3 4 |  4.4
Armour         | 3 4 |  4.1

Action                   |  1- 3 |  4- 6 |  7- 9 || total
-------------------------+-------+-------+-------++-------
Melee: War axe           |    55 |   120 |    66 ||   241
       Bite              |    12 |    26 |    17 ||    55
  Use: Potion            |     1 |     1 |       ||     2
       Scroll            |       |       |     8 ||     8
  Eat: Chunk             |       |     4 |     1 ||     5
Armor: Scale mail        |    22 |    76 |    36 ||   134
Dodge: Dodged            |    28 |    42 |    23 ||    93
Block: Shield            |    28 |    94 |    51 ||   173

Table legend:
 A = Non-vault XP
 B = Vault XP
 C = Vault XP percentage of total XP
 D = Non-vault monster count
 E = Vault monster count
 F = Vault count percentage of total count
                 A         B        C        D         E       F
            +---------+---------+-------+---------+---------+-------
      Total |     712 |     155 |  17.9 |      61 |       9 |  12.9
            +---------+---------+-------+---------+---------+-------
        D:1 |      36 |       0 |   0.0 |       7 |       0 |   0.0
        D:2 |      57 |       2 |   3.4 |      15 |       2 |  11.8
        D:3 |      26 |       0 |   0.0 |       2 |       0 |   0.0
        D:4 |       1 |       0 |   0.0 |       1 |       0 |   0.0
        D:5 |     190 |     152 |  44.4 |      13 |       6 |  31.6
        D:6 |     347 |       0 |   0.0 |      21 |       0 |   0.0
        D:7 |      55 |       0 |   0.0 |       2 |       0 |   0.0
      Sewer |       0 |       1 | 100.0 |       0 |       1 | 100.0
            +---------+---------+-------+---------+---------+-------
